 Dungeon Crawl Stone Soup version 0.29.1-12-g30fa7ad0bf (webtiles) character file.

Game seed: 8382645438284050575

5261 warriortoast the Skirmisher (level 10, -4/53 HPs)
             Began as a Spriggan Hunter on Dec 14, 2022.
             Was a Priest of Qazlal.
             Killed from afar by an acid dragon (17 damage)
             ... with a splash of acid
             ... on level 9 of the Dungeon.
             The game lasted 00:25:36 (13676 turns).

warriortoast the Skirmisher (Spriggan Hunter)      Turns: 13676, Time: 00:25:36

Health: -4/53      AC:  2    Str:  7    XL:     10   Next: 36%
Magic:  14/14      EV: 26    Int: 11    God:    Qazlal [***...]
Gold:   623        SH:  4    Dex: 23    Spells: 9/9 levels left

rFire   . . .      SeeInvis +   y - +3 sling of Ufry {vorpal, rElec}
rCold   . . .      Faith    .   (no shield)
rNeg    . . .      Spirit   .   C - +0 robe {Will+}
rPois   .          Reflect  .   (helmet restricted)
rElec   +          Harm     .   (no cloak)
rCorr   .          Rampage  .   (gloves unavailable)
Will    ++...                   (boots unavailable)
Stlth   ++........              (no amulet)
HPRegen 0.17/turn               (no ring)
MPRegen 0.14/turn               (no ring)

@: hasted, very quick
A: very small, no large weapons, unfitting armour, see invisible, speed 3
a: Renounce Religion, Upheaval, Elemental Force


You were on level 9 of the Dungeon.
You worshipped Qazlal.
Qazlal was most pleased with you.
You visited 2 branches of the dungeon, and saw 10 of its levels.

You collected 623 gold pieces.

Inventory:

Hand Weapons
 a - a +0 shortbow
 y - the +3 sling of Ufry (weapon) {vorpal, rElec}
   (You found it on level 5 of the Dungeon)

   Any ammunition fired from it inflicts extra damage upon your enemies.
   rElec:     It insulates you from electricity.
Missiles
 t - 3 throwing nets
Armour
 c - a +0 robe
 A - +0 storm dragon scales
 B - +0 steam dragon scales
 C - a +0 robe of willpower (worn)
Jewellery
 n - the amulet "Onuurphau" {Acrobat MP+9 Str+2}
   (You found it on level 2 of the Dungeon)

   [amulet of the acrobat]

   It increases your evasion while moving and waiting.
   Str:       It affects your strength (+2).
   MP:        It affects your magic capacity (+9).
 s - a ring of magical power
Wands
 r - a wand of polymorph (1)
 u - a wand of digging (7)
 v - a wand of flame (25)
 F - a wand of charming (3)
 M - a wand of mindburst (2)
Scrolls
 b - 2 scrolls of immolation
 d - a scroll of noise {unknown}
 e - 3 scrolls of teleportation
 f - 2 scrolls of fear {unknown}
 g - 9 scrolls of identify {unknown}
 i - 2 scrolls of enchant armour {unknown}
 l - 2 scrolls of poison {unknown}
 o - 2 scrolls of magic mapping {unknown}
 p - 4 scrolls of vulnerability {unknown}
 x - a scroll of brand weapon {unknown}
 G - a scroll of torment {unknown}
 H - a scroll of blinking {unknown}
 J - a scroll of enchant weapon {unknown}
 L - a scroll of summoning {unknown}
Potions
 h - 3 potions of brilliance {unknown}
 j - 2 potions of berserk rage {unknown}
 k - 4 potions of heal wounds {unknown}
 m - 2 potions of haste
 q - 3 potions of curing {unknown}
 w - 2 potions of might {unknown}
 z - 2 potions of cancellation {unknown}
 D - a potion of resistance {unknown}
 E - a potion of attraction {unknown}
 I - a potion of invisibility {unknown}
 K - a potion of degeneration {unknown}


   Skills:
 + Level 6.1 Fighting
 + Level 10.5 Ranged Weapons
 - Level 10.0 Dodging
 - Level 4.1 Stealth
 + Level 4.1 Invocations
 - Level 5.0 Evocations


You had 9 spell levels left.
You didn't know any spells.
Your spell library contained the following spells:

 Spells                   Type           Power      Damage    Failure   Level
 Beastly Appendage        Tmut           0%         N/A       34%         1
 Scorch                   Fire           0%         2d5       47%         2
 Wereblood                Tmut           0%         N/A       47%         2
 Conjure Flame            Conj/Fire      0%         6-21      71%         3
 Ignite Poison            Fire/Tmut/Pois 0%         N/A       71%         3
 Mephitic Cloud           Conj/Pois/Air  0%         N/A       71%         3
 Spider Form              Tmut/Pois      0%         N/A       71%         3
 Flame Wave               Conj/Fire      0%         2d4       98%         4
 Petrify                  Tmut/Erth      0%         N/A       98%         4
 Sticky Flame             Conj/Fire      0%         2d3       98%         4
 Freezing Cloud           Conj/Ice/Air   0%         6-21      100%        5
 Metabolic Englaciation   Hex/Ice        0%         N/A       100%        5
 Summon Forest            Summ/Tloc      0%         N/A       100%        5
 Eringya's Noxious Bog    Tmut/Pois      0%         N/A       100%        6
 Statue Form              Tmut/Erth      0%         N/A       100%        6
 Summon Cactus Giant      Summ           0%         N/A       100%        6
 Summon Hydra             Summ           0%         N/A       100%        7


Dungeon Overview and Level Annotations

Branches:
Dungeon (9/15)             Temple (1/1) D:4
   Lair: D:8-11         Orc: D:9-12

Altars:
Ashenzari
Cheibriados
Dithmenos
Elyvilon
Fedhas
Gozag
Hepliaklqana
Kikubaaqudgha
Makhleb
Nemelex Xobeh
Okawaru
Qazlal
Ru
Sif Muna
Trog
Uskayaw
Wu Jian
Xom
Yredelemnul
Zin
The Shining One

Shops:
D:9 :


Innate Abilities, Weirdness & Mutations

You are very small and have problems with some larger weapons.
You are too small for most types of armour.
You have supernaturally acute eyesight. (SInv)
You cover ground extremely quickly. (Speed+++)


Message History

You start resting.
An orc warrior is nearby!
You shoot a sling bullet.
The sling bullet barely misses the orc warrior.
You shoot a sling bullet.
The sling bullet hits the orc warrior but does no damage.
You shoot a sling bullet.
The sling bullet hits the orc warrior but does no damage.
The orc warrior throws a boomerang.
The boomerang misses you.
You shoot a sling bullet.
The sling bullet hits the orc warrior but does no damage.
You shoot a sling bullet.
The sling bullet hits the orc warrior but does no damage.
The orc warrior throws a boomerang.
The boomerang misses you.
You shoot a sling bullet.
The sling bullet hits the orc warrior but does no damage.
The orc warrior throws a boomerang.
The boomerang hits you!
You are too injured to fight recklessly!
You are too injured to fight recklessly!
You are too injured to fight recklessly!
You are too injured to fight recklessly!
You are too injured to fight recklessly!
Unknown command.
As you read the scroll labelled MEEMUOH KISTRIFAT, it crumbles to dust.
You feel strangely unstable.
It was a scroll of teleportation.
You hear a bellow!
The orc warrior throws a boomerang.
The boomerang hits you!
* * * LOW HITPOINT WARNING * * *
You are too injured to fight recklessly!
It was a potion of haste.
You feel yourself speed up.
The orc warrior throws a boomerang.
You block the boomerang.
A yak comes into view.
The orc warrior throws a boomerang.
The boomerang misses you.
The orc warrior throws a boomerang.
You block the boomerang.
Your surroundings suddenly seem different.
An acid dragon comes into view.
The acid dragon roars!
The acid dragon spits acid at you. The splash of acid hits you!
You die...

.........
.........
......
...#####
#.....
#.....
##.....###
#........#
#........#
#........#
#......@.#
#........#
#........#
#........#
#........#
#......D.#
#........#
#........#
#........#


You could see an acid dragon (catching breath).

Vanquished Creatures
  The ghost of retardedninja the Chopper, an amateur HOFi (D:5)
  A wraith (D:9)
  2 humans (D:7)
  5 yaks (D:7)
  2 wyverns
  2 steam dragons
  A water moccasin (D:5)
  A sky beast (D:7)
  An ice beast (D:6)
  2 black bears (D:6)
  3 centaurs
  A phantom (D:6)
  A kobold brigand (D:8)
  4 bullfrogs
  2 gnoll sergeants
  A necrophage (D:7)
  A scorpion (D:6)
  11 wights
  4 killer bees (D:9)
  3 electric eels (D:9)
  A howler monkey (D:6)
  7 hounds
  4 orc priests
  3 gnoll boudas
  A jelly (D:3)
  2 iguanas (D:7)
  7 orc wizards
  Robin (D:3)
  20 gnolls
  11 adders
  A shadow imp (D:5)
  2 white imps
  An ufetubus (D:5)
  3 worms
  26 orcs
  8 endoplasms
  3 giant cockroaches
  13 goblins
  15 hobgoblins
  9 jackals
  4 quokkas
  5 ball pythons
  5 bats (D:1)
  4 frilled lizards
  13 kobolds
  5 rats
223 creatures vanquished.

Vanquished Creatures (others)
  18 plants
18 creatures vanquished.

Grand Total: 241 creatures vanquished

Notes
Turn   | Place    | Note
-------+----------+-------------------------------------------
     0 | D:1      | warriortoast the Spriggan Hunter began the quest for the
                  | Orb.
     0 | D:1      | Reached XP level 1. HP: 10/10 MP: 2/2
    88 | D:1      | Reached XP level 2. HP: 15/15 MP: 3/3
   517 | D:1      | Found a faded altar of an unknown god.
   760 | D:1      | Reached XP level 3. HP: 8/18 MP: 4/4
  1557 | D:2      | Reached XP level 4. HP: 23/23 MP: 5/5
  1727 | D:2      | Found a sparkling altar of Nemelex Xobeh.
  1751 | D:2      | Identified the amulet "Onuurphau" {Acrobat MP+9 Str+2}
  2060 | D:3      | Reached XP level 5. HP: 27/27 MP: 6/6
  2182 | D:3      | Noticed Robin
  2271 | D:3      | Killed Robin
  2773 | D:3      | Reached skill level 5 in Ranged Weapons
  2960 | D:4      | Found a staircase to the Ecumenical Temple.
  2980 | Temple   | Entered the Ecumenical Temple
  3141 | Temple   | Became a worshipper of Qazlal Stormbringer
  3886 | D:4      | You fall into a shaft and drop 1 floor!
  3886 | D:5      | Entered Level 5 of the Dungeon
  3908 | D:5      | Reached XP level 6. HP: 24/32 MP: 7/7
  3911 | D:5      | Reached skill level 5 in Dodging
  4062 | D:5      | Found a runed translucent door.
  4174 | D:5      | Noticed retardedninja's ghost (amateur HOFi)
  4750 | D:5      | Identified the +3 sling of Ufry {vorpal, rElec}
  4798 | D:5      | Noticed a water moccasin
  4830 | D:5      | Killed a water moccasin
  4831 | D:5      | Reached XP level 7. HP: 29/36 MP: 8/8
  5394 | D:5      | Reached * piety under Qazlal
  5584 | D:5      | Found an ornate altar of the Wu Jian Council.
  6809 | D:5      | Killed retardedninja's ghost
  7014 | D:6      | Reached XP level 8. HP: 42/42 MP: 9/9
  7502 | D:6      | Reached skill level 5 in Fighting
  8286 | D:6      | Reached XP level 9. HP: 47/47 MP: 10/10
  8627 | D:6      | Reached skill level 10 in Dodging
  8820 | D:7      | Reached ** piety under Qazlal
 10501 | D:7      | Reached skill level 1 in Evocations
 10517 | D:7      | Reached skill level 1 in Invocations
 10730 | D:7      | Found an iron altar of Okawaru.
 10906 | D:7      | Found a bloodstained altar of Trog.
 10907 | D:7      | Found an opulent altar of Gozag.
 10908 | D:7      | Found a hazy altar of Hepliaklqana.
 10909 | D:7      | Found a snail-covered altar of Cheibriados.
 11114 | D:7      | Reached skill level 10 in Ranged Weapons
 12120 | D:7      | Reached XP level 10. HP: 44/52 MP: 13/13
 12151 | D:7      | Reached *** piety under Qazlal
 13083 | D:9      | Reached skill level 5 in Evocations
 13398 | D:9      | Found Bodimaeg's Book Boutique.
 13676 | D:9      | Killed from afar by an acid dragon

Illustrated notes

Levels and vault maps discovered:
D:1:      dpeg_arrival_rooms_c, layout_rooms, shapermc_ecumenical_altar_pompeii
D:2:      layout_basic, basic_altar
D:3:      kennysheep_six_static_rooms, layout_rooms, serial_bayou_pond_c,
          uniq_crazy_yiuf_cottage, uniq_robin
D:4:      nicolae_cairo_tiling_large, layout_cave_pods,
          minmay_temple_entry_sparse_star
D:5:      minmay_inner_zag, layout_cave_pods, pdpol_wu_jian_five_deadly_venoms,
          hellmonk_ghost_happy_afterlife, minivault_11, kennysheep_dice
D:6:      minmay_skewed_foursquare, layout_cave_pods
D:7:      layout_basic, okawaru_humans,
          chequers_temple_overflow_statue_of_worship
D:8:      layout_cave_pods, minmay_strange_pillars
D:9:      layout_irregular_city, serial_shops, nicolae_shop_waterfront,
          grunt_decor_fettered, chequers_big_river, uniq_maggie, uniq_amaemon
Temple:   eino_temple_scatter_basement

Skill      XL: |  1  2  3  4  5  6  7  8  9 10 |
---------------+-------------------------------+-----
Stealth        | 2 3 4 |  4.1
Dodging        | 3 4 5 7 9 10 | 10.0
Fighting       | 2 3 4 5 6 |  6.1
Ranged Weapons | 5 6 8 10 | 10.5
Evocations     | 3 5 |  5.0
Invocations    | 2 4 |  4.1

Action                   |  1- 3 |  4- 6 |  7- 9 | 10-12 || total
-------------------------+-------+-------+-------+-------++-------
Melee: Unarmed           |       |     7 |       |       ||     7
 Fire: Shortbow          |   119 |   189 |       |       ||   308
       Sling             |       |       |   583 |   115 ||   698
  Use: Scroll            |       |       |       |     1 ||     1
       Potion            |       |       |       |     1 ||     1
Armor: Robe              |     3 |     7 |     1 |       ||    11
Dodge: Dodged            |    62 |    86 |   108 |    48 ||   304
Block: Other             |       |       |     8 |     7 ||    15
